 Dungeon Crawl Stone Soup version 0.28.0-45-g0d030f2227 (webtiles) character file.

Game seed: 6345968482699754586

234 pkoi the Cutter (level 5, -3/45 HPs)
             Began as a Demigod Gladiator on Apr 11, 2022.
             Killed from afar by an orc wizard (9 damage)
             ... with a magic dart
             ... on level 3 of the Dungeon.
             The game lasted 00:04:13 (3848 turns).

pkoi the Cutter (Demigod Gladiator)                 Turns: 3848, Time: 00:04:13

Health: -3/45      AC:  4    Str: 19    XL:     5   Next: 46%
Magic:  7/7        EV: 13    Int: 10    God:
Gold:   118        SH:  0    Dex: 15    Spells: 4/4 levels left

rFire   . . .      SeeInvis .   k - +3 short sword
rCold   . . .      Faith    .   (no shield)
rNeg    . . .      Spirit   .   b - +0 leather armour
rPois   .          Reflect  .   c - +0 helmet
rElec   .          Harm     .   (no cloak)
rCorr   .          Rampage  .   (no gloves)
Will    .....                   (no boots)
Stlth   ++........              (no amulet)
HPRegen 0.15/turn               g - ring of flight
MPRegen 0.10/turn               (no ring)

@: flying
A: high MP 1, forlorn, divine attributes
a: no special abilities


You were on level 3 of the Dungeon.
You visited 1 branch of the dungeon, and saw 3 of its levels.

You collected 118 gold pieces.

Inventory:

Hand Weapons
 a - a +0 rapier
 k - a +3 short sword (weapon)
Missiles
 d - 3 throwing nets (quivered)
 i - 5 poisoned darts
Armour
 b - a +0 leather armour (worn)
 c - a +0 helmet (worn)
Jewellery
 f - a ring of fire
 g - a ring of flight (left hand)
 m - a ring of wizardry
 n - a ring of ice
Wands
 e - a wand of iceblast (4)
Scrolls
 j - 2 scrolls of identify
Potions
 h - 2 potions of haste
 l - a potion of curing


   Skills:
 + Level 3.2 Fighting
 + Level 3.7 Short Blades
 - Level 1.7 Throwing
 + Level 3.7 Dodging
 + Level 2.0 Stealth
 + Level 1.0 Evocations


You had 4 spell levels left.
You didn't know any spells.
Your spell library contained the following spells:

 Spells                   Type           Power      Damage    Failure   Level
 Stone Arrow              Conj/Erth      0%         3d7       80%         3
 Animate Armour           Summ/Erth      0%         N/A       99%         4
 Lehudib's Crystal Spear  Conj/Erth      0%         10d2      100%        8


Dungeon Overview and Level Annotations

Branches:
Dungeon (3/15)

Shops:
D:1 :   D:2 *:


Innate Abilities, Weirdness & Mutations

You have an increased reservoir of magic. (+10% MP)
You shall have no god before yourself.
Your divine heritage dramatically boosts your attributes as you level up.


Message History

You hit the orc.
You kill the orc!
You barely miss the gnoll. The gnoll hits you with a +0 whip.
* * * LOW HITPOINT WARNING * * *
You barely miss the gnoll. The gnoll misses you.
You hit the gnoll but do no damage. The gnoll hits you with a +0 whip.
* * * LOW HITPOINT WARNING * * *
You hit the gnoll but do no damage. The gnoll hits you with a +0 whip.
* * * LOW HITPOINT WARNING * * *
You hit the gnoll.
The gnoll is moderately wounded.
The orc wizard casts a spell.
The orc wizard flickers and vanishes!
Deactivating autopickup; reactivate with Ctrl-A.
The gnoll hits you but does no damage.
You hit the gnoll.
The gnoll is almost dead.
You barely miss the gnoll.
The gnoll is almost dead.
The gnoll closely misses you.
You barely miss the gnoll.
The gnoll is almost dead.
The gnoll barely misses you.
You closely miss the gnoll.
The gnoll is almost dead.
The gnoll barely misses you.
You barely miss the gnoll.
The gnoll is almost dead.
The gnoll closely misses you.
You hit the gnoll.
You kill the gnoll!
You hear some strange, mumbled words.
A puff of flame appears from out of thin air!
The puff of flame hits you!
* * * LOW HITPOINT WARNING * * *
Your Stealth skill increases to level 2!
A kobold comes into view. It is wielding a +0 club.
A magic dart appears from out of thin air!
The magic dart hits you!
You die...

......#.#####...# #.# #...##...
......#.# #...# #.#####.#.##..#
......#.# #...# #...#...#.###.#
......#.# ###...# #...#...# #..
#.#)..###.o...# ##.....### ###
#...###...#{..####....### #
##..###.###...##...#..# #
..##..))o.# #...#.......# #
......##### #...@..<##.##########
..>..............................
......g.....###..######..#######.
..###.......#...## ##..# ###. .#
#...........# ##.# ##... #
#.........### #.###....
#......... #.##..... #.o.......
#........ ###......


You could see an orc.

Vanquished Creatures
  A hound (D:3)
  Terence (D:2)
  Jessica (D:2)
  4 adders
  4 gnolls
  A worm (D:2)
  A dart slug (D:1)
  7 orcs
  4 ball pythons
  9 endoplasms
  3 goblins (D:1)
  8 hobgoblins
  7 jackals (D:1)
  A quokka (D:1)
  3 bats
  2 frilled lizards
  6 kobolds
  6 rats
69 creatures vanquished.

Notes
Turn   | Place    | Note
-------+----------+-------------------------------------------
     0 | D:1      | pkoi the Demigod Gladiator began the quest for the Orb.
     0 | D:1      | Reached XP level 1. HP: 17/17 MP: 3/3
    73 | D:1      | You fall into a shaft and drop 1 floor!
    73 | D:2      | Found Luhaj's General Store.
   174 | D:2      | Found Noiluam's Book Shop.
   330 | D:1      | Found Dekyri Vyepp's Book Boutique.
   356 | D:1      | Reached XP level 2. HP: 20/24 MP: 4/4
   849 | D:1      | Reached XP level 3. HP: 30/30 MP: 5/5
  1089 | D:2      | Noticed Jessica
  1094 | D:2      | Killed Jessica
  1442 | D:2      | Noticed Terence
  1465 | D:2      | Killed Terence
  1466 | D:2      | Reached skill level 1 in Stealth
  1466 | D:2      | Reached XP level 4. HP: 12/37 MP: 6/6
  2944 | D:2      | Reached XP level 5. HP: 5/45 MP: 7/7
  3599 | D:3      | Reached skill level 1 in Evocations
  3848 | D:3      | Killed from afar by an orc wizard

Illustrated notes

Levels and vault maps discovered:
D:1:      wheals_arrival_linesprint, layout_rooms, serial_shops,
          nicolae_shop_stone
D:2:      layout_basic, hellmonk_ecumenical_altar_crossroads, serial_shops,
          nicolae_lakefront_shop, shop, basic_altar,
          nicolae_concentric_dashed_squares_wild, minmay_distorted,
          uniq_jessica, uniq_terence
D:3:      layout_rooms, overflow_temple_1_default

Skill      XL: |  1  2  3  4  5 |
---------------+----------------+-----
Fighting       | 2 3 |  3.2
Short Blades   | 3 |  3.7
Dodging        | 3 |  3.7
Stealth        | 1 2 |  2.0
Evocations     | 1 |  1.0
Throwing       | |  1.7

Action                   |  1- 3 |  4- 6 || total
-------------------------+-------+-------++-------
Melee: Rapier            |    96 |       ||    96
       Punch             |     2 |       ||     2
       Short sword       |    14 |   102 ||   116
Evoke: Wand              |     1 |     1 ||     2
  Use: Scroll            |       |     4 ||     4
 Stab: Sleeping          |     1 |     3 ||     4
Armor: Leather armour    |    28 |    13 ||    41
Dodge: Dodged            |    73 |    67 ||   140
